Map: Frozen Temple

Players

NORTHAMERICA - Winner!

  • Race: Protoss Protoss
  • League: Grandmaster

Cell

  • Race: Zerg Zerg
  • League: Grandmaster

VOD

Have the link to the VOD?

Description

Time

  • Played on: Nov. 1, 2016, 3:21 a.m.
  • Length: 8:58
Show
View Real Time Build Order
Export as new Build Order

NORTHAMERICA Protoss - Winner!

Build Orders: Nexus First, Zealot Archon, Dark Templar Rush 

Get SALT Encoding   

  12  0:01  Probe (Chrono Boost)  
  13  0:11  Probe (Chrono Boost)  
  14  0:23  Pylon, Probe (Chrono Boost)  
  15  0:41  Probe (Chrono Boost)  
  16  0:52  Probe (Chrono Boost)  
  17  0:59  Unknown, Nexus  
  17  1:09  Gateway  
  17  1:13  Probe (Chrono Boost)  
  18  1:20  Assimilator  
  18  1:23  Probe (Chrono Boost)  
  19  1:25  Assimilator  
  19  1:34  Probe (Chrono Boost)  
  20  1:44  Probe (Chrono Boost)  
  21  1:51  Pylon  
  21  1:55  Probe (Chrono Boost)  
  22  2:02  Cybernetics Core  
  22  2:05  Probe (Chrono Boost)  
  23  2:09  Zealot  
  23  2:10  Unknown  
  23  2:11  Probe (Chrono Boost)  
  26  2:16  Probe (Chrono Boost)  
  26  2:22  Probe (Chrono Boost)  
  28  2:26  Probe (Chrono Boost)  
  29  2:32  Probe (Chrono Boost)  
  31  2:37  Probe (Chrono Boost)  
  31  2:41  Stalker, Warp Gate  
  31  2:43  Probe (Chrono Boost)  
  34  2:47  Twilight Council  
  34  2:49  Probe (Chrono Boost)  
  35  2:53  Probe (Chrono Boost)  
  36  3:00  Probe (Chrono Boost)  
  36  3:04  Probe (Chrono Boost)  
  38  3:10  Probe (Chrono Boost)  
  39  3:12  Robotics Facility  
  39  3:14  Probe (Chrono Boost)  
  40  3:21  Probe (Chrono Boost)  
  40  3:25  Probe (Chrono Boost)  
  40  3:26  Dark Shrine  
  42  3:31  Probe (Chrono Boost)  
  42  3:33  Assimilator  
  43  3:35  Assimilator, Probe (Chrono Boost)  
  43  3:40  Pylon  
  44  3:42  Probe (Chrono Boost)  
  44  3:46  Probe (Chrono Boost)  
  46  3:58  Probe (Chrono Boost), Gateway  
  46  4:01  Gateway  
  49  4:03  Mothership Core (Chrono Boost)  
  49  4:04  Gateway  
  49  4:10  Pylon, Warp Prism  
  49  4:11  Probe (Chrono Boost)  
  52  4:18  Charge  
  52  4:21  Probe (Chrono Boost), Pylon  
  53  4:38  Pylon  
  54  4:47  Probe (Chrono Boost)  
  54  4:51  Immortal  
  54  4:54  Probe (Chrono Boost)  
  59  5:06  Dark Templar  
  61  5:07  Dark Templar x3  
  61  5:11  Archon, Gateway  
  61  5:12  Archon, Gateway  
  67  5:16  Gateway  
  67  5:20  Gateway  
  67  5:26  Gateway  
  67  5:29  Pylon  
  67  5:33  Pylon  
  67  5:35  Immortal  
  71  5:54  Zealot x2  
  71  5:55  Pylon  
  71  5:57  Pylon  
  75  6:11  Pylon  
  75  6:12  Dark Templar x2  
  79  6:19  Dark Templar x2  
  79  6:20  Dark Templar  
  79  6:22  Archon  
  79  6:24  Archon  
  85  6:29  Dark Templar  
  87  6:33  Zealot x3  
  87  6:36  Archon  
  93  6:41  Observer  
  94  6:52  Zealot  
  94  6:53  Zealot x3  
  94  6:54  Zealot x3  
  108  7:20  Zealot x5  
  96  7:45  Dark Templar x3  
  96  7:46  Dark Templar x2  
  96  7:47  Dark Templar  
  106  7:52  Archon x3  
  106  7:55  Zealot  
  106  7:56  Zealot x2  
  110  8:02  Robotics Bay  
  94  8:16  Zealot x3  
  94  8:17  Zealot x4  
  94  8:18  Zealot  
  104  8:22  Probe (Chrono Boost)  
Show
View Real Time Build Order
Export as new Build Order

Cell Zerg 

Build Orders: Hatch First 

Get SALT Encoding   

  12  0:00  Drone  
  13  0:13  Overlord  
  13  0:19  Drone  
  14  0:32  Drone x2  
  16  0:50  Unknown, Hatchery  
  16  0:53  Drone  
  16  0:58  Drone  
  16  1:01  Drone  
  18  1:07  Extractor  
  17  1:15  Spawning Pool  
  16  1:21  Drone  
  16  1:23  Drone  
  18  1:30  Drone  
  19  1:41  Overlord  
  19  1:50  Drone  
  20  2:01  Unknown  
  20  2:02  Queen x2  
  20  2:05  Zergling x4  
  26  2:09  Metabolic Boost  
  26  2:13  Drone  
  27  2:18  Drone  
  28  2:24  Drone  
  28  2:25  Drone  
  30  2:33  Drone  
  31  2:45  Unknown, Hatchery  
  31  2:51  Drone x3  
  31  2:57  Pneumatized Carapace  
  33  3:01  Drone x2  
  35  3:07  Drone  
  36  3:15  Overlord  
  36  3:24  Overlord  
  36  3:33  Drone x6  
  42  3:34  Queen  
  42  3:39  Overlord  
  44  3:45  Roach Warren, Overlord  
  43  3:48  Drone  
  43  3:49  Drone  
  43  3:50  Overlord  
  43  3:54  Overlord  
  45  3:57  Unknown  
  45  3:58  Drone  
  45  4:00  Overlord  
  45  4:02  Drone, Extractor  
  46  4:09  Overlord  
  46  4:12  Drone x2  
  48  4:17  Drone x5  
  48  4:19  Drone  
  48  4:23  Lair  
  54  4:26  Drone  
  55  4:31  Evolution Chamber  
  55  4:34  Roach x2  
  55  4:35  Roach  
  60  4:41  Roach  
  60  4:43  Drone x2  
  64  4:46  Spore Crawler  
  64  4:47  Spore Crawler  
  64  4:50  Roach  
  64  4:51  Drone x2  
  66  4:59  Queen  
  68  5:02  Spore Crawler  
  68  5:03  Drone  
  68  5:04  Drone x3  
  72  5:07  Ravager  
  72  5:14  Drone  
  72  5:15  Drone x6, Extractor  
  72  5:17  Ravager  
  79  5:21  Queen  
  79  5:24  Roach x2  
  79  5:26  Overlord  
  79  5:28  Overlord  
  85  5:31  Overlord  
  85  5:35  Overlord  
  85  5:42  Overlord  
  85  5:46  Drone  
  85  5:47  Drone x5  
  88  5:50  Baneling Nest  
  88  5:55  Extractor  
  86  5:59  Drone x6  
  86  6:03  Drone  
  93  6:08  Unknown, Hatchery  
  92  6:13  Extractor  
  92  6:15  Overlord  
  91  6:20  Overseer  
  91  6:22  Roach  
  91  6:23  Roach x2  
  96  6:28  Unknown, Hatchery  
  96  6:30  Roach x4  
  103  6:33  Zergling x6  
  106  6:42  Roach  
  106  6:43  Roach x4  
  116  6:48  Zergling x8  
  116  6:52  Roach x2  
  125  6:54  Zergling x4  
  125  6:57  Baneling x3  
  126  7:03  Baneling x2  
  126  7:09  Baneling x3  
  126  7:11  Zergling x4  
  126  7:12  Zergling x14  
  135  7:19  Unknown  
  126  7:22  Roach  
  126  7:23  Roach x4  
  117  7:32  Baneling x3  
  117  7:33  Baneling  
  102  7:37  Zergling x2, Roach x2  
  102  7:38  Zergling x8  
  102  7:40  Unknown  
  110  7:48  Roach Warren  
  110  7:50  Baneling  
  109  7:57  Baneling  
  106  8:05  Zergling x14  
  78  8:16  Zergling x6  
  76  8:21  Zergling x10  
Tags
 
Add a new tag
Caveats
  • Supply blocks, unpowered buildings, or Contaminate may cause inaccurate times.
  • Supply counts are checked every 10 seconds.